 Dungeon Crawl Stone Soup version 0.31-a0-176-g91f28db67f (webtiles) character file.

Game seed: 4591981586800607930

228 Hajna the Magician (level 5, -2/52 HPs)
             Began as a Demonspawn Hedge Wizard on June 18, 2023.
             Slain by a gnoll
             ... wielding a +0 spear
              (5 damage)
             ... on level 4 of the Dungeon.
             The game lasted 00:12:24 (3007 turns).

Hajna the Magician (Demonspawn Hedge Wizard)        Turns: 3007, Time: 00:12:25

Health: -2/52      AC:  2    Str: 10    XL:     5   Next: 71%
Magic:  0/11       EV: 17    Int: 18    God:
Gold:   158        SH:  0    Dex: 12    Spells: 7/13 levels left

rFire   . . .        j - +3 whip (elec)
rCold   . . .        (no shield)
rNeg    . . .        b - +0 robe
rPois   .            i - +0 hat
rElec   .            (no cloak)
rCorr   .            (no gloves)
SInv    .            (no boots)
Will    .....        (no amulet) Stlth
                     k - ring of wizardry
HPRegen 0.28/turn    m - +5 ring of evasion
MPRegen 0.24/turn

%: guardian spirit, wizardry (x1)
@: berserking, very quick
A: horns 2, magic shield, magic regeneration
a: no special abilities


You were on level 4 of the Dungeon.
You visited 1 branch of the dungeon, and saw 4 of its levels.

You collected 158 gold pieces.

Inventory:

Hand Weapons
 a - a +0 dagger
 j - a +3 whip of electrocution (weapon)
 n - a +3 dagger of venom
Missiles
 l - 6 poisoned darts
 p - 17 stones
Armour
 b - a +0 robe (worn)
 c - a +0 hat
 i - a +0 hat (worn)
Jewellery
 k - a ring of wizardry (left hand)
 m - a +5 ring of evasion (right hand)
 o - a ring of resist corrosion
Scrolls
 f - 3 scrolls of teleportation
 h - a scroll of poison
 v - a scroll of immolation {unknown}
 w - a scroll of enchant weapon
Potions
 d - a potion of magic
 e - 2 potions of enlightenment
 g - 2 potions of lignification
 r - a potion of invisibility {unknown}
 s - a potion of mutation {unknown}
 t - a potion of attraction {unknown}
 u - a potion of degeneration {unknown}
 x - a potion of haste {unknown}
 z - a potion of heal wounds {unknown}


   Skills:
 + Level 0.2 Fighting
 + Level 1.1 Short Blades
 + Level 0.2 Maces & Flails
 + Level 2.5 Dodging
 + Level 1.9 Stealth
 + Level 4.5 Spellcasting
 + Level 2.0 Conjurations
 + Level 2.1 Summonings
 + Level 0.8 Translocations
 + Level 0.5 Earth Magic


You had 7 spell levels left.
You knew the following spells:

 Your Spells              Type           Power      Damage    Failure   Level
a - Magic Dart            Conj           44%        1d5       2%          1
b - Blink                 Tloc           14%        N/A       6%          2
c - Call Imp              Summ           22%        N/A       3%          2
d - Sandblast             Erth           12%        2d6       4%          1

Your spell library contained the following spells:

 Spells                   Type           Power      Damage    Failure   Level
 Slow                     Hex            16%        N/A       6%          1
 Passwall                 Tmut/Erth      4%         N/A       8%          2
 Cigotuvi's Dreadful Rot  Necr/Pois/Air  8%         N/A       9%          2
 Stone Arrow              Conj/Erth      16%        3d8       10%         3
 Mephitic Cloud           Conj/Pois/Air  6%         N/A       12%         3


Dungeon Overview and Level Annotations

Branches:
Dungeon (4/15)
 Temple: D:4-7

Altars:

Shops:
D:1 (


Innate Abilities, Weirdness & Mutations

You have a pair of horns on your head.
When hurt, damage is shared between your health and your magic reserves.
You regenerate magic rapidly.


Message History

Your cerulean imp disappears in a puff of smoke!
The orc hits you with a +0 flail.
The gnoll shouts!
You miss something. You headbutt something. The gnoll barely misses you.
You hear some strange, mumbled words.
A magic dart appears from out of thin air!
The magic dart hits you. The orc barely misses you.
You miss something. Your headbutt misses something. The orc misses you.
You hear some strange, mumbled words.
You are confused.
The gnoll hits you from afar with a +0 spear.
You miss something. Your headbutt misses something.
The gnoll hits you from afar with a +0 spear.
Something hits you. The orc closely misses you.
You miss something. Your headbutt misses something. Something hits you.
The orc misses you. The gnoll completely misses you.
You are too injured to fight recklessly!
You're too confused to cast spells.
You hit something but do no damage. Your headbutt misses something.
Something hits you. The orc hits you with a +0 flail.
* * * LOW HITPOINT WARNING * * *
The gnoll barely misses you. The orc hits you with a +0 flail.
* * * LOW HITPOINT WARNING * * *
The gnoll hits you from afar with a +0 spear.
* * * LOW HITPOINT WARNING * * *
Something hits you.
* * * LOW HITPOINT WARNING * * *
It was a potion of berserk rage.
A red film seems to cover your vision as you go berserk!
You feel yourself moving faster!
You feel mighty!
The gnoll hits you from afar with a +0 spear.
* * * LOW HITPOINT WARNING * * *
The orc barely misses you. Something hits you.
* * * LOW HITPOINT WARNING * * *
You are too berserk!
You feel a strong urge to attack something.
You bump into the rock wall.
You feel less confused.
The gnoll hits you from afar with a +0 spear.
You die...

.........# #........# #
##........##
>.##...$.......
.................
.....#............
.......####)g.......
...#...## ##{o......
##.......###@........
#.........#..........
.....................
.....................
.....................
.....................
......)..#..........##.##
.....###.##.............#
... ....
#...............<.##...


You could see a gnoll and an orc.

Vanquished Creatures
  A hound (D:4)
  An orc wizard (D:4)
  3 adders
  2 gnolls (D:4)
  A worm (D:2)
  2 dart slugs
  2 orcs (D:4)
  5 endoplasms
  4 giant cockroaches
  6 goblins
  7 hobgoblins
  4 quokkas
  7 ball pythons
  10 bats
  3 frilled lizards
  8 kobolds
  5 rats
71 creatures vanquished.

Vanquished Creatures (collateral kills)
  An orc wizard (D:4)
  An adder (D:2)
  2 dart slugs
  2 endoplasms
  A kobold (D:2)
  A frilled lizard (D:1)
  A rat (D:2)
9 creatures vanquished.

Grand Total: 80 creatures vanquished

Notes
Turn   | Place    | Note
-------+----------+-------------------------------------------
     0 | D:1      | Hajna the Demonspawn Hedge Wizard began the quest for the
                  | Orb.
     0 | D:1      | Reached XP level 1. HP: 13/13 MP: 4/4
   412 | D:1      | Gained mutation: You have a pair of small horns on your
                  | head. [demonic ancestry]
   412 | D:1      | Reached XP level 2. HP: 17/19 MP: 0/6
   735 | D:1      | Learned a level 2 spell: Blink
   738 | D:1      | Learned a level 2 spell: Call Imp
   978 | D:1      | Found Typai's Antique Weapon Shop.
  1285 | D:1      | Gained mutation: You regenerate magic rapidly. [demonic
                  | ancestry]
  1285 | D:1      | Reached XP level 3. HP: 15/24 MP: 5/8
  1475 | D:2      | Reached skill level 1 in Short Blades
  1711 | D:2      | Gained mutation: When hurt, damage is shared between your
                  | health and your magic reserves. [demonic ancestry]
  1711 | D:2      | Reached XP level 4. HP: 28/30 MP: 5/9
  1888 | D:2      | Reached skill level 4 in Spellcasting
  2553 | D:3      | Learned a level 1 spell: Sandblast
  2848 | D:4      | Gained mutation: You have a pair of horns on your head.
                  | [demonic ancestry]
  2848 | D:4      | Reached XP level 5. HP: 35/35 MP: 5/11
  3007 | D:4      | Slain by a gnoll

Illustrated notes

Levels and vault maps discovered:
D:1:      minmay_arrival_pointy, layout_loops_cross, serial_shops, shop
D:2:      layout_loops_ring
D:3:      layout_rooms, minmay_shallow_snake_nest
D:4:      layout_cave_pools, temple_fountains

Skill      XL: |  1  2  3  4  5 |
---------------+----------------+-----
Dodging        | 2 |  2.5
Short Blades   | 1 |  1.1
Spellcasting   | 4 |  4.5
Conjurations   | 2 |  2.0
Summonings     | 2 |  2.1
Fighting       | |  0.2
Maces & Flails | |  0.2
Stealth        | |  1.9
Translocations | |  0.8
Earth Magic    | |  0.5

Action                     |  1- 3 |  4- 6 || total
---------------------------+-------+-------++-------
  Melee: Dagger            |    21 |       ||    21
         Whip              |    21 |    23 ||    44
         Headbutt          |     4 |     6 ||    10
         Punch             |       |     1 ||     1
   Cast: Magic Dart        |    75 |    35 ||   110
         Call Imp          |     8 |    11 ||    19
         Blink             |     2 |       ||     2
         Sandblast         |       |    37 ||    37
    Use: Scroll            |     3 |     5 ||     8
         Potion            |       |     1 ||     1
 Armour: Robe              |    12 |     4 ||    16
  Dodge: Dodged            |    44 |    59 ||   103

Table legend: (Time is in decaauts)
 A = Elapsed time spent in this place.
 B = Non-inter-level travel time spent in this place.
 C = Inter-level travel time spent in this place.
 D = Time resting spent in this place.
 E = Time spent auto-exploring this place.
 F = Levels seen in this place.
 G = Mean time per level.
                   A        B        C        D        E       F      G
               +--------+--------+--------+--------+--------+-----+--------+
         Total |   3028 |   2958 |     70 |      0 |   2414 |   4 |  757.0 |
       Dungeon |   3028 |   2958 |     70 |      0 |   2414 |   4 |  757.0 |
               +--------+--------+--------+--------+--------+-----+--------+

Top non-repeatable levels by time:
     D:1: 1319 daAuts
     D:2: 921 daAuts
     D:3: 604 daAuts
     D:4: 182 daAuts
